 Dungeon Crawl Stone Soup version 0.30-a0-757-ga6a79fd877 (webtiles) character file.

Game seed: 5837083877053245841

56 freelancePsychic the Trooper (level 3, -1/20 HPs)
             Began as a Vine Stalker Fighter on Feb 9, 2023.
             Was an Initiate of Gozag.
             Slain by Pargi (3 damage)
             ... in a sewer.
             The game lasted 00:02:54 (1857 turns).

freelancePsychic the Trooper (Vine Stalker Fighter) Turns: 1857, Time: 00:02:54

Health: -1/20      AC:  7    Str: 18    XL:     3   Next: 97%
Magic:  0/4        EV:  9    Int:  8    God:    Gozag
Gold:   85         SH:  5    Dex: 15    Spells: 2/2 levels left

rFire   . . .      SeeInvis .    a - +0 rapier
rCold   . . .      Faith    .    c - +0 buckler
rNeg    . . .      Spirit   +    b - +0 scale mail
rPois   .          Reflect  .    (no helmet)
rElec   .          Harm     .    (no cloak)
rCorr   .          Rampage  .    n - +0 pair of gloves
Will    .....                    (no boots)
Stlth   +                        f - amulet of the acrobat
HPRegen 0.23/turn                (no ring)
MPRegen 0.09/turn                (no ring)

@: mighty
A: fangs 2, magic shield, antimagic bite, no potion heal 2
a: Renounce Religion, Potion Petition, Call Merchant, Bribe Branch


You were in a sewer.
You worshipped Gozag.
Gozag was noncommittal.
You visited 1 branch of the dungeon, and saw 3 of its levels.
You also visited: Sewer.

You collected 162 gold pieces.
You spent 49 gold pieces at shops.
You paid 28 gold pieces to Gozag.

Inventory:

Hand Weapons
 a - a +0 rapier (weapon)
Missiles
 o - 10 poisoned darts (quivered)
Armour
 b - a +0 scale mail (worn)
 c - a +0 buckler (worn)
 n - a +0 pair of gloves (worn)
Jewellery
 f - an amulet of the acrobat (around neck)
 l - an amulet of faith
Scrolls
 g - a scroll of teleportation {@r4}
 h - a scroll of enchant armour
 r - a scroll of blinking {unknown}
 s - a scroll of fog {unknown}
 t - a scroll of vulnerability {unknown}
Potions
 e - a potion of magic {unknown}
 i - 4 potions of curing {unknown}
 k - 2 potions of flight {unknown}
 m - a potion of cancellation {unknown}
 p - 2 potions of attraction {unknown}


   Skills:
 + Level 3.1 Fighting
 + Level 2.3 Short Blades
 - Level 2.4 Armour
 * Level 3.1 Stealth
 - Level 2.6 Shields


You had 2 spell levels left.
You didn't know any spells.
Your spell library contained the following spells:

 Spells                   Type           Power      Damage    Failure   Level
 Necrotise                Necr           0%         1d4       88%         1
 Ozocubu's Armour         Ice            0%         N/A       99%         3
 Vampiric Draining        Necr           0%         2d6       99%         3
 Agony                    Necr           0%         N/A       100%        5
 Metabolic Englaciation   Hex/Ice        0%         N/A       100%        5
 Simulacrum               Ice/Necr       Unusable   N/A       N/A         6

Dungeon Overview and Level Annotations

Branches:
Dungeon (3/15)              Sewer (1/1)

Altars:
Gozag

Shops:
D:2 [

Annotations:
D:2 1 runed translucent door, Crazy Yiuf Sewer Pargi


Innate Abilities, Weirdness & Mutations

You have extremely sharp teeth.
When hurt, damage is shared between your health and your magic reserves.
Your bite disrupts and absorbs the magic of your enemies.
Potions cannot restore your health.


Message History

Found a gate leading back out of this place.
There is an empty arch of ancient stone here.
You open the door. You open the door.
There is an open door here.
You now have 85 gold pieces (gained 16).
There is an open door here.
As you open the door, it creaks loudly!
Pargi the Meek comes into view.
Pargi shouts!
Found 15 gold pieces.
Okay, then.
You feel very mighty all of a sudden. Pargi bites you. Pargi barely misses you.
Pargi claws you but does no damage.
You puncture Pargi! Your bite misses Pargi.
Pargi is moderately wounded.
Pargi bites you! Pargi claws you. Pargi claws you but does no damage.
You are too injured to fight recklessly!
You completely miss Pargi.
Pargi is moderately wounded.
Pargi bites you. Pargi claws you.
* * * LOW HITPOINT WARNING * * *
Pargi barely misses you.
You hit Pargi.
Pargi is moderately wounded.
Pargi bites you.
* * * LOW HITPOINT WARNING * * *
Pargi barely misses you. Pargi claws you but does no damage.
You hit Pargi.
Pargi is heavily wounded.
Pargi bites you.
* * * LOW HITPOINT WARNING * * *
Pargi claws you. x2
* * * LOW HITPOINT WARNING * * *
You aren't carrying any items that you can evoke.
You puncture Pargi!
Pargi is heavily wounded.
Pargi bites you.
You die...
Your body crumbles into a pile of gold.

~≈~# ~≈~#
#######
+.~≈~.+
#.~≈~.#
####.~≈~.#
#$.T.~≈~.+
#@~≈~.#
####.~≈~.#
#..'.~≈~.+
####.~≈~.#
####.~≈~.####
#..'..∩....∩#
####.~≈~.####
#.~≈~.#
+.~≈~.+


You could see Pargi.

Vanquished Creatures
  3 dart slugs
  6 endoplasms
  A giant cockroach (D:1)
  2 goblins (D:1)
  4 hobgoblins
  6 jackals (D:1)
  2 kobolds
  5 quokkas
  5 ball pythons
  2 bats (D:1)
  A frilled lizard (D:2)
  4 rats
41 creatures vanquished.

Vanquished Creatures (others)
  A fungus (D:2)
1 creature vanquished.

Grand Total: 42 creatures vanquished

Notes
Turn   | Place    | Note
-------+----------+-------------------------------------------
     0 | D:1      | freelancePsychic the Vine Stalker Fighter began the quest
                  | for the Orb.
     0 | D:1      | Reached XP level 1. HP: 11/11 MP: 2/2
    78 | D:1      | Reached skill level 1 in Stealth
   110 | D:1      | Reached XP level 2. HP: 8/16 MP: 3/3
   512 | D:1      | Reached XP level 3. HP: 18/20 MP: 4/4
  1114 | D:2      | Found Ebbuplih's Armour Shop.
  1119 | D:2      | Bought a +0 pair of gloves for 49 gold pieces
  1412 | D:2      | Found an opulent altar of Gozag.
  1420 | D:2      | Became a worshipper of Gozag Ym Sagoz the Greedy
  1772 | D:2      | Found a runed translucent door.
  1773 | D:2      | Noticed Crazy Yiuf
  1831 | D:3      | Found a glowing drain.
  1835 | Sewer    | Entered a sewer
  1851 | Sewer    | Noticed Pargi
  1857 | Sewer    | Slain by Pargi

Illustrated notes

Levels and vault maps discovered:
D:1:      dpeg_arrival_another_circle, layout_basic
D:2:      layout_rooms, serial_shops, nicolae_shop_hallway_plus, basic_altar,
          minmay_distorted, uniq_crazy_yiuf_cottage
D:3:      kennysheep_big_flooded_room, layout_loops_cross,
          grunt_temple_overflow_open, gup_sewer_entry_bowl, uniq_natasha,
          uniq_jessica
Sewer:    kennysheep_door_sewer

Skill      XL: |  1  2  3 |
---------------+----------+-----
Stealth        | 1 2 3 |  3.1
Short Blades   | 2 |  2.3
Fighting       | 3 |  3.1
Armour         | |  2.4
Shields        | |  2.6

Action                     || total
---------------------------++-------
  Melee: Rapier            ||   134
         Bite              ||    22
    Use: Scroll            ||     3
         Potion            ||     1
 Armour: Scale mail        ||    48
  Dodge: Dodged            ||    64
  Block: Buckler           ||    17

Table legend: (Time is in decaauts)
 A = Elapsed time spent in this place.
 B = Non-inter-level travel time spent in this place.
 C = Inter-level travel time spent in this place.
 D = Time resting spent in this place.
 E = Time spent auto-exploring this place.
 F = Levels seen in this place.
 G = Mean time per level.
                   A        B        C        D        E       F      G
               +--------+--------+--------+--------+--------+-----+--------+
         Total |   1880 |   1819 |     61 |      0 |   1463 |   4 |  470.0 |
       Dungeon |   1858 |   1797 |     61 |      0 |   1448 |   3 |  619.3 |
         Sewer |     22 |     22 |      0 |      0 |     15 |   1 |   22.0 |
               +--------+--------+--------+--------+--------+-----+--------+

Top non-repeatable levels by time:
     D:1: 1110 daAuts
     D:2: 706 daAuts
     D:3: 41 daAuts
   Sewer: 22 daAuts
